 Dungeon Crawl Stone Soup version 0.28.0-45-g0d030f2227 (webtiles) character file.

Game seed: 5973338345445275754

55 selver the Slasher (level 3, -3/29 HPs)
             Began as a Demonspawn Abyssal Knight on Apr 10, 2022.
             Was a Follower of Lugonu.
             Killed from afar by Robin (9 damage)
             ... with a puff of flame
             ... on level 2 of the Dungeon.
             The game lasted 00:07:21 (1876 turns).

selver the Slasher (Demonspawn Abyssal Knight)      Turns: 1876, Time: 00:07:21

Health: -3/29      AC:  9    Str: 15    XL:     3   Next: 67%
Magic:  4/4        EV:  6    Int: 11    God:    Lugonu [*.....]
Gold:   56         SH:  0    Dex: 15    Spells: 2/2 levels left

rFire   . . .      SeeInvis .   a - +1 falchion
rCold   . . .      Faith    .   (no shield)
rNeg    . . .      Spirit   .   g - +0 chain mail
rPois   .          Reflect  .   (no helmet)
rElec   .          Harm     .   (no cloak)
rCorr   .          Rampage  .   j - +0 pair of gloves
Will    .....                   (no boots)
Stlth   ..........              (no amulet)
HPRegen 0.09/turn               (no ring)
MPRegen 0.09/turn               (no ring)

@: about to teleport
A: thin skeletal structure 1
a: Renounce Religion, Depart the Abyss


You were on level 2 of the Dungeon.
You worshipped Lugonu.
Lugonu was aware of your devotion.
You visited 1 branch of the dungeon, and saw 2 of its levels.
You visited the Abyss 1 time.

You collected 56 gold pieces.

Inventory:

Hand Weapons
 a - a +1 falchion (weapon)
 b - a +0 hunting sling
Missiles
 i - 17 stones
Armour
 d - a +0 leather armour
 e - a +0 ring mail
 g - a +0 chain mail (worn)
 j - a +0 pair of gloves (worn)
Scrolls
 k - a scroll of identify {unknown}
Potions
 c - 2 potions of attraction {unknown}
 h - a potion of brilliance {unknown}


   Skills:
 - Level 3.0 Fighting
 + Level 3.7 Long Blades
 - Level 1.7 Armour
 - Level 0.8 Dodging
 - Level 2.4 Invocations


You had 2 spell levels left.
You didn't know any spells.
Your spell library was empty.

Dungeon Overview and Level Annotations

Branches:
Dungeon (2/15)

Altars:

Shops:
D:1 [

Annotations:
D:2 Robin


Innate Abilities, Weirdness & Mutations

You have a somewhat thin skeletal structure. (Dex +2, Stealth+)


Message History

You hit Robin but do no damage.
Robin says, "Feeling lonely?"
Robin throws the goblin at you! The goblin hits you but does no damage.
A goblin comes into view. It is wielding a +0 club.
You slash Robin!
Robin is heavily wounded.
Robin zaps a wand.
The puff of flame hits you! The goblin hits you with a +0 club.
Robin roars a battlecry!
You hit Robin. You punch Robin, but do no damage.
Robin is severely wounded.
The goblin hits you but does no damage. Robin throws the goblin at you!
You hit Robin but do no damage.
Robin is severely wounded.
The goblin hits you but does no damage. The goblin hits you with a +0 club.
Robin hits you but does no damage. The goblin hits you but does no damage.
You barely miss Robin.
Robin is severely wounded.
A goblin comes into view. It is wielding a +0 club.
The goblin hits you but does no damage. Robin barely misses you.
The goblin hits you but does no damage.
You hit Robin.
Robin is almost dead.
The goblin barely misses you. Robin hits you but does no damage.
The goblin hits you but does no damage.
You hit Robin.
Robin is almost dead.
The goblin hits you with a +0 club. x2
You barely miss Robin.
Robin is almost dead.
The goblin hits you with a +0 club.
* * * LOW HITPOINT WARNING * * *
Robin hits you with a +0 spear.
* * * LOW HITPOINT WARNING * * *
The goblin barely misses you. The goblin hits you but does no damage.
As you read the scroll labelled YHENYI UTURO FAOWA, it crumbles to dust.
You feel strangely unstable.
It was a scroll of teleportation.
The goblin no longer looks unusually strong.
Robin zaps a wand.
The puff of flame hits you!
You die...

###.....####
#....§.g†..###
....≈#g#≈...## .g≈
#.#≈≈≈..## g #.#≈≈≈≈..#
#.#≈≈≈≈§§## #.#≈§≈≈≈..#
#####.#####§≈.#
.......≈≈#....gg@g.#§§.#
.......≈§##.#####g###≈†#
.......≈≈ #.#≈≈≈#...#§.#
.......≈##.##§≈§#..##§§#
........#.##§§≈§#.#.#..#
#.......##≈§≈≈≈####...#
##.......#≈≈≈≈≈≈≈§≈#...#
.......<..≈§≈≈≈≈≈≈≈....#
............≈§≈§§§.....#


You could see Robin and 3 goblins.

Vanquished Creatures
  2 adders (D:2)
  A dart slug (D:2)
  A ball python (D:1)
  2 bats (D:2)
  5 endoplasms (D:1)
  3 giant cockroaches (D:1)
  6 goblins
  2 hobgoblins (D:1)
  3 quokkas
  4 frilled lizards
  A kobold (D:1)
  A rat (D:2)
31 creatures vanquished.

Notes
Turn   | Place    | Note
-------+----------+-------------------------------------------
     0 | Abyss:1  | selver the Demonspawn Abyssal Knight began the quest for
                  | the Orb.
     0 | Abyss:1  | Reached XP level 1. HP: 18/18 MP: 2/2
     4 | D:1      | Escaped the Abyss
   126 | D:1      | Found Suebbab's Armour Boutique.
   252 | D:1      | Noticed a shining eye
   283 | D:1      | Found a faded altar of an unknown god.
   285 | D:1      | Noticed an eye of devastation
   317 | D:1      | Noticed an eye of devastation
   317 | D:1      | Noticed a golden eye
   413 | D:1      | Gained mutation: You have a somewhat thin skeletal
                  | structure. (Dex +2, Stealth+) [demonic ancestry]
   413 | D:1      | Reached XP level 2. HP: 24/24 MP: 3/3
  1383 | D:2      | Noticed Robin
  1637 | D:2      | Reached XP level 3. HP: 26/29 MP: 4/4
  1876 | D:2      | Killed from afar by Robin

Illustrated notes

Levels and vault maps discovered:
D:1:      heliophobic_arrival_ceremonial_halls, layout_loops_corners,
          serial_shops, nicolae_shop_stone,
          hellmonk_ecumenical_altar_watching_god,
          wander_ebering_terrifying_dragon_lair
D:2:      cheibrodos_pilgrimage, layout_rooms, grunt_decor_junction,
          uniq_crazy_yiuf_cottage, uniq_robin

Skill      XL: |  1  2 |
---------------+-------+-----
Long Blades    | 2 3 |  3.7
Fighting       | |  3.0
Armour         | |  1.7
Dodging        | |  0.8
Invocations    | |  2.4

Action                   || total
-------------------------++-------
Melee: Falchion          ||    86
       Punch             ||     1
 Fire: Hunting sling     ||     6
  Use: Scroll            ||     1
 Stab: Sleeping          ||     2
Armor: Ring mail         ||     5
       Chain mail        ||    45
Dodge: Dodged            ||    36
